Map: Galactic Process LE

Players

Bly

  • Race: Zerg Zerg
  • League: Master

MarineLorD - Winner!

  • Race: Terran Terran
  • League: Master

Event: DreamHack ZOWIE Open Valencia 2016

VOD

Have the link to the VOD?

Description

Time

  • Played on: July 14, 2016, 2:32 p.m.
  • Length: 12:45

All games in this series

Show
View Real Time Build Order
Export as new Build Order

Bly Zerg 

Build Orders: Hatch First 

Get SALT Encoding   

  12  0:01  Drone  
  13  0:13  Overlord  
  13  0:18  Drone  
  14  0:32  Drone x2  
  16  0:39  Drone  
  17  0:52  Hatchery  
  16  0:57  Drone  
  16  0:59  Extractor  
  16  1:12  Spawning Pool  
  16  1:15  Drone  
  16  1:18  Drone  
  17  1:20  Drone  
  18  1:28  Drone  
  19  1:39  Overlord  
  19  1:59  Queen  
  19  2:00  Zergling x2  
  22  2:01  Zergling x2  
  22  2:02  Metabolic Boost  
  22  2:08  Queen  
  25  2:10  Zergling x2  
  26  2:17  Drone x2  
  28  2:34  Drone x3  
  31  2:40  Overlord  
  31  2:46  Queen  
  33  2:57  Pneumatized Carapace  
  33  2:59  Drone x3  
  33  3:01  Drone  
  33  3:04  Drone  
  38  3:11  Drone x2  
  38  3:12  Drone x2  
  42  3:16  Drone  
  42  3:18  Drone  
  44  3:29  Overlord  
  44  3:35  Hatchery  
  43  3:43  Evolution Chamber  
  42  3:56  Drone x5  
  42  4:02  Zergling x8  
  50  4:03  Zergling x4  
  50  4:05  Overlord  
  52  4:10  Zerg Ground Armor Level 1  
  52  4:27  Overlord  
  52  4:28  Queen  
  54  4:34  Queen  
  56  4:47  Zergling x16  
  56  4:48  Zergling x4  
  66  4:55  Queen  
  68  5:03  Zergling x12  
  74  5:18  Queen  
  73  5:21  Overlord  
  73  5:27  Drone x2  
  73  5:28  Drone x2, Overlord  
  74  5:29  Overlord  
  74  5:31  Lair, Extractor  
  71  5:36  Overlord  
  70  5:52  Overlord  
  70  5:53  Overlord  
  70  5:55  Overlord x2  
  63  6:10  Zerg Melee Weapons Level 1  
  63  6:11  Drone, Extractor  
  63  6:12  Drone x10  
  63  6:13  Roach Warren  
  72  6:22  Extractor  
  71  6:25  Evolution Chamber  
  71  6:28  Overlord  
  71  6:31  Overlord  
  61  6:48  Overlord  
  61  6:51  Drone x3  
  61  6:52  Drone x2  
  61  6:53  Overseer  
  62  6:58  Roach x9  
  62  6:59  Roach x2, Queen x2  
  88  7:10  Roach x2  
  88  7:11  Roach  
  93  7:27  Roach x2  
  93  7:28  Zerg Ground Armor Level 2, Roach  
  99  7:32  Drone x3  
  99  7:36  Glial Reconstitution  
  102  7:40  Overlord  
  102  7:50  Roach x6, Overlord  
  112  8:01  Roach  
  112  8:02  Roach x2  
  100  8:15  Roach  
  100  8:16  Roach x5  
  100  8:18  Roach x3  
  91  8:28  Roach  
  91  8:29  Roach x3  
  98  8:41  Overlord  
  98  8:48  Roach x7  
  97  8:49  Roach  
  106  8:58  Roach  
  106  8:59  Roach  
  101  9:15  Roach x4  
  101  9:16  Roach x2  
  113  9:35  Roach x7  
  113  9:38  Drone x3  
  130  9:49  Drone x3  
  133  10:03  Tunneling Claws  
  133  10:04  Burrow  
  133  10:05  Drone x4  
  137  10:15  Drone x3  
  140  10:21  Overlord  
  140  10:25  Queen  
  142  10:42  Roach x5  
  156  10:43  Roach x2  
  156  10:44  Overlord  
  156  10:52  Spore Crawler  
  156  10:54  Spore Crawler  
  148  11:03  Roach x4  
  153  11:18  Roach x28  
  153  11:26  Roach  
  153  11:27  Roach x10  
  153  11:28  Roach x4  
  153  11:29  Overlord x2  
  153  11:32  Overlord  
  149  11:51  Roach x17  
  149  11:52  Ravager x6  
  149  11:53  Ravager x3  
  144  11:56  Zergling x14  
  94  12:15  Zergling x2  
  94  12:16  Zergling x2  
Show
View Real Time Build Order
Export as new Build Order

MarineLorD Terran - Winner!

Build Orders: Reaper Expand, MMM Bio 

Get SALT Encoding   

  12  0:00  SCV  
  13  0:12  SCV  
  14  0:17  Supply Depot  
  14  0:25  SCV  
  15  0:38  SCV  
  15  0:40  Barracks  
  16  0:44  Refinery  
  16  0:51  SCV  
  17  1:03  SCV  
  18  1:15  SCV  
  19  1:27  Reaper  
  19  1:28  Orbital Command  
  20  1:40  Command Center  
  20  1:51  Barracks  
  20  1:54  SCV  
  20  2:00  Barracks Reactor  
  21  2:05  Supply Depot  
  21  2:08  SCV  
  22  2:15  Refinery  
  22  2:20  SCV  
  23  2:32  SCV  
  23  2:36  Marine x2  
  26  2:37  Factory  
  26  2:44  SCV  
  26  2:49  Barracks Tech Lab  
  27  2:54  Marine x2  
  27  2:56  SCV  
  27  2:57  Orbital Command  
  30  3:07  Marine  
  30  3:08  SCV  
  30  3:12  Marine x2  
  34  3:13  Stimpack  
  34  3:20  SCV  
  34  3:24  Starport  
  34  3:25  Factory Reactor  
  35  3:28  SCV  
  35  3:30  Marine  
  35  3:31  Marine  
  35  3:34  Marine  
  38  3:37  SCV  
  40  3:42  SCV  
  40  3:47  Supply Depot  
  41  3:49  SCV, Marine  
  41  3:54  SCV  
  44  3:56  Marine  
  44  4:01  SCV  
  45  4:03  Marine  
  45  4:08  SCV  
  47  4:10  Medivac x2  
  47  4:12  Supply Depot  
  47  4:13  Supply Depot  
  47  4:15  SCV  
  52  4:17  Marine  
  52  4:18  Marine  
  54  4:24  Supply Depot  
  54  4:31  Factory Reactor  
  54  4:34  Marine, SCV x2  
  54  4:35  Marine  
  54  4:37  Marine  
  59  4:41  Viking  
  61  4:46  SCV  
  61  4:51  Medivac  
  61  4:52  Marine  
  65  4:53  Marine, SCV  
  65  4:54  Refinery  
  65  4:55  Marine  
  65  4:58  SCV  
  69  5:04  Engineering Bay  
  69  5:05  SCV  
  69  5:06  Engineering Bay  
  70  5:09  Widow Mine x2, Marine  
  70  5:10  SCV  
  70  5:11  Marine  
  77  5:17  SCV  
  72  5:22  SCV  
  73  5:28  Marine  
  73  5:29  SCV  
  73  5:31  Marine  
  73  5:35  SCV  
  77  5:39  Terran Infantry Weapons Level 1  
  77  5:41  SCV  
  78  5:46  Combat Shields, Command Center  
  78  5:54  Marine x2, SCV x2  
  78  5:55  Marine  
  82  6:07  Widow Mine  
  82  6:09  Widow Mine  
  86  6:11  Supply Depot x2  
  86  6:14  Terran Infantry Armor Level 1  
  86  6:32  Marine x3, Medivac  
  86  6:33  SCV x2  
  86  6:36  Supply Depot  
  86  6:37  Medivac  
  91  6:45  SCV x2  
  90  6:50  Marine x3  
  91  6:57  SCV x2  
  91  6:58  Hellion, Barracks  
  91  6:59  Barracks  
  95  7:03  Orbital Command  
  95  7:08  Marine x2  
  95  7:09  SCV  
  95  7:10  Marine  
  97  7:18  Barracks  
  97  7:19  SCV  
  97  7:20  Supply Depot  
  97  7:21  SCV, Medivac  
  99  7:26  Marine  
  99  7:27  Marine  
  99  7:29  Refinery  
  101  7:31  SCV  
  101  7:32  Armory  
  101  7:33  SCV  
  103  7:40  Marine, Liberator x2  
  104  7:45  SCV, Orbital Command  
  104  7:46  Barracks Reactor  
  104  7:47  Barracks Reactor  
  104  7:48  SCV  
  104  7:49  Marine x2  
  104  7:51  Widow Mine x2  
  108  7:57  SCV  
  117  7:58  Marine  
  117  8:02  SCV  
  119  8:05  Supply Depot  
  119  8:08  Marauder  
  119  8:09  SCV  
  111  8:13  SCV  
  111  8:17  Marine  
  111  8:18  Marine  
  104  8:22  Marine  
  104  8:23  Marine  
  104  8:26  Marine  
  101  8:29  Marauder  
  101  8:30  Marine  
  102  8:35  Marine  
  102  8:36  Marine  
  102  8:37  Widow Mine x2  
  102  8:40  Barracks Tech Lab  
  105  8:41  Terran Vehicle And Ship Armor Level 1  
  105  8:44  Marine, Medivac  
  105  8:48  SCV  
  107  8:50  Marine, Marauder  
  107  8:54  Marine  
  109  8:58  Medivac  
  109  9:02  Marauder  
  111  9:03  SCV x2  
  111  9:05  Widow Mine  
  113  9:12  Marauder  
  115  9:17  Supply Depot  
  115  9:18  Marine x6  
  115  9:20  Supply Depot  
  115  9:21  Medivac  
  115  9:23  Marauder  
  125  9:28  Supply Depot, Bunker  
  125  9:33  Marauder  
  125  9:35  Marine  
  125  9:36  Marine x2  
  133  9:42  Hellbat x2  
  133  9:44  Marine x3, Marauder  
  133  9:45  Supply Depot  
  138  9:53  Marine x3  
  138  9:54  Marauder  
  138  9:58  Supply Depot  
  143  10:01  Marine  
  143  10:02  Marine x2  
  143  10:03  Missile Turret  
  143  10:06  Marauder, Medivac x2  
  152  10:08  Terran Infantry Weapons Level 2, Terran Infantry Armor Level 2  
  152  10:11  Marine x3  
  155  10:15  Marine  
  155  10:18  Missile Turret  
  155  10:19  Marine x2  
  155  10:20  Marine  
  159  10:22  Missile Turret  
  159  10:27  Marine  
  160  10:28  Supply Depot  
  160  10:29  Marine x3  
  160  10:32  Hellbat x2  
  167  10:43  Barracks  
  167  10:45  Marine, Marauder, Barracks  
  167  10:46  Marine, Missile Turret, Barracks  
  172  10:50  Marauder  
  172  10:53  Marine x2  
  170  10:57  Marine x2  
  170  11:03  Marine  
  170  11:04  Marine  
  174  11:05  Medivac x2  
  174  11:07  Marauder  
  181  11:11  Marauder  
  179  11:20  Supply Depot  
  179  11:22  Supply Depot x2  
  179  11:31  Barracks Tech Lab x2  
  176  11:41  Marine x6, Marauder  
  176  11:42  Marine  
  176  11:43  Widow Mine x2  
  176  11:44  Marauder, Medivac  
  176  11:45  Medivac  
  179  11:55  Marine, Marauder  
  179  11:59  Marine x6  
  188  12:03  Marauder  
  188  12:06  Marine  

Tags
 
Add a new tag
Caveats
  • Supply blocks, unpowered buildings, or Contaminate may cause inaccurate times.
  • Supply counts are checked every 10 seconds.